 Dungeon Crawl Stone Soup version 0.24-a0-341-g52ca42d3ec (webtiles) character file.

Game seed: 8026026514131553691

7203 Azzok the Martial Artist (level 11, -11/99 HPs)
             Began as a Gnoll Transmuter on May 20, 2019.
             Was a Priest of Cheibriados.
             Mangled by a skeletal warrior
             ... wielding a +2 halberd of protection
              (21 damage)
             ... on level 10 of the Dungeon.
             The game lasted 00:17:42 (11859 turns).

Azzok the Martial Artist (Gnoll Transmuter)        Turns: 11859, Time: 00:17:43

Health: -11/99     AC:  7    Str: 19    XL:     11   Next: 11%
Magic:  22/22      EV: 12    Int: 26    God:    Cheibriados [***...]
Gold:   523        SH:  0    Dex: 23    Spells: 17/25 levels left

rFire    x . .     SeeInvis .     - Unarmed
rCold    + + +     Gourm    .   (shield currently unavailable)
rNeg     . . .     Faith    .   (armour currently unavailable)
rPois    +         Spirit   .   (helmet currently unavailable)
rElec    .         Reflect  .   (cloak currently unavailable)
rCorr    .         Harm     .   (gloves currently unavailable)
MR       .....                  (boots currently unavailable)
Stlth    +++++.....             e - amulet of the acrobat
HPRegen  0.26/turn              p - -4 ring of evasion (curse)
MPRegen  0.18/turn              n - ring of stealth

@: about to teleport, ice-form, very slow
A: large, distributed training, strong nose
a: End Transformation, Bend Time, Temporal Distortion, Renounce Religion


You were on level 10 of the Dungeon.
You worshipped Cheibriados.
Cheibriados was most pleased with you.
You were hungry.
You were a creature of crystalline ice.
You visited 2 branches of the dungeon, and saw 11 of its levels.

You collected 523 gold pieces.

Inventory:

Missiles
 a - 95 arrows
 h - 15 javelins
 k - 3 silver javelins
 o - 4 curare-tipped darts (quivered)
 H - a throwing net
Armour
 b - a +1 robe (melded)
 q - a scarf of cloud immunity (melded)
Jewellery
 e - an amulet of the acrobat (around neck)
 j - an uncursed ring of protection from cold
 n - a ring of stealth (right front paw)
 p - a cursed -4 ring of evasion (left front paw)
Wands
 s - a wand of random effects (8)
 y - a wand of iceblast (9)
 A - a wand of enslavement (2)
 B - a wand of paralysis (8)
 C - a wand of flame (7)
Scrolls
 g - 3 scrolls of immolation
 l - 4 scrolls of teleportation
 r - a scroll of magic mapping
 u - a scroll of enchant weapon
 x - 4 scrolls of blinking
Potions
 c - 2 potions of degeneration {unknown}
 f - a potion of mutation {unknown}
 i - 4 potions of lignification
 m - a potion of heal wounds
 t - 4 potions of haste
 v - 2 potions of ambrosia {unknown}
 z - 2 potions of invisibility
 D - a potion of might {unknown}
 E - a potion of magic {unknown}
 F - a potion of cancellation
 G - a potion of agility {unknown}
Comestibles
 d - 17 rations


   Skills:
 + Level 6.5 Fighting
 + Level 5.9 Short Blades
 + Level 5.9 Long Blades
 + Level 5.9 Axes
 + Level 5.9 Maces & Flails
 + Level 5.9 Polearms
 + Level 5.9 Staves
 + Level 5.9 Slings
 + Level 5.9 Bows
 + Level 5.9 Crossbows
 + Level 5.9 Throwing
 + Level 5.9 Armour
 + Level 7.5 Dodging
 + Level 5.9 Stealth
 + Level 5.9 Shields
 + Level 8.9 Unarmed Combat
 + Level 7.8 Spellcasting
 + Level 4.8 Conjurations
 + Level 4.8 Hexes
 + Level 4.8 Charms
 + Level 4.8 Summonings
 + Level 4.8 Necromancy
 + Level 4.8 Translocations
 + Level 6.2 Transmutations
 + Level 4.8 Fire Magic
 + Level 4.8 Ice Magic
 + Level 4.8 Air Magic
 + Level 4.8 Earth Magic
 + Level 4.8 Poison Magic
 + Level 6.4 Invocations
 + Level 5.9 Evocations


You had 17 spell levels left.
You knew the following spells:

 Your Spells              Type           Power        Failure   Level  Hunger
a - Ice Form              Ice/Tmut       #####...     6%          4    ##.....
b - Spider Form           Tmut/Pois      #####.....   1%          3    None
c - Beastly Appendage     Tmut           #####.       1%          1    None

Your spell library contained the following spells:

 Spells                   Type           Power        Failure   Level  Hunger
 Sandblast                Erth           #####.       1%          1    None
 Passwall                 Tmut/Erth      #####...     1%          2    None
 Sticks to Snakes         Tmut           #####...     1%          2    None
 Stone Arrow              Conj/Erth      #####.       2%          3    None
 Petrify                  Tmut/Erth      #####...     6%          4    ##.....
 Blade Hands              Tmut           #####.....   12%         5    ####...
 Lee's Rapid Deconstruct  Erth           #####.....   22%         5    ####...


Dungeon Overview and Level Annotations

Branches:
Dungeon (10/15)            Temple (1/1) D:6
   Lair: D:8-11         Orc: D:9-12

Altars:
Ashenzari
Cheibriados
Dithmenos
Elyvilon
Fedhas
Gozag
Hepliaklqana
Kikubaaqudgha
Makhleb
Nemelex Xobeh
Okawaru
Qazlal
Ru
Sif Muna
Trog
Uskayaw
Vehumet
Wu Jian
Xom
Yredelemnul
Zin
The Shining One


Innate Abilities, Weirdness & Mutations

Your experience applies equally to all skills.
((You have very sharp teeth.))
Your uncanny sense of smell can sniff out nearby items.


Message History

The burst of metal fragments hits the skeletal warrior but does no damage. x5
The skeletal warrior is lightly damaged.
The now-empty wand crumbles to dust.
The skeletal warrior barely misses you.
Evoke which item? (* to show all) (? for menu, Esc to quit)
You don't have any such object.
Evoke which item? (* to show all) (? for menu, Esc to quit)
You don't have any such object.
Evoke which item? (* to show all) (? for menu, Esc to quit)
Okay, then.
Evoke which item? (* to show all) (? for menu, Esc to quit)
Okay, then.
A skeletal warrior is nearby!
Unknown command.
Okay, then.
Okay, then.
Okay, then.
As you read the scroll of teleportation, it crumbles to dust.
You feel strangely unstable.
The skeletal warrior hits you with a +2 halberd of protection!!
You die...

▒▒▒▒▒▒▒▒▒▒▒▒▒▒▒▒▒
························
················▒·······)
················▒········
················▒·······▒
················▒·······▒
················▒·······▒
···············)▒········
········Y····)))))·······
··▒▒▒▒z▒▒▒▒··▒▒▒▒▒▒··▒▒▒
▒·········▒▒ ▒▒▒▒
▒·········▒ ∆ ∆
▒·········▒ ▒······z··▒
···'····▒▒···▒ ∆ ∆
···▒····▒▒···▒
···▒··········▒


You could see a skeletal warrior.

Vanquished Creatures
  A hydra (D:10)
  2 two-headed ogres
  Joseph (D:9)
  A merfolk (D:9)
  Grinder (D:3)
  2 hippogriffs
  A wyvern (D:10)
  Sigmund (D:5)
  A steam dragon (D:8)
  A water moccasin (D:7)
  A sky beast (D:9)
  2 orc warriors
  3 ice beasts
  A phantom (D:6)
  5 ogres
  3 centaurs
  2 big kobolds
  5 bullfrogs
  5 killer bees (D:9)
  6 wights
  7 crimson imps
  2 bullfrog zombies
  A quasit (D:6)
  A centaur skeleton (D:4)
  A bullfrog skeleton (D:6)
  A jelly (D:5)
  4 orc priests
  4 hounds
  4 iguanas
  Jessica (D:6)
  3 orc wizards
  Natasha (twice) (D:3)
  7 worker ants
  A hound skeleton (D:7)
  A worker ant zombie (D:6)
  4 gnolls (D:3)
  A howler monkey skeleton (D:8)
  10 adders
  A shadow imp (D:5)
  An ooze (D:2)
  2 adder zombies
  3 adder skeletons
  A worm (D:9)
  3 dart slugs
  5 leopard geckos
  24 orcs
  A ball python (D:4)
  10 giant cockroaches
  6 goblins
  6 hobgoblins
  15 jackals
  18 kobolds
  3 quokkas
  7 bats
  5 frilled lizards
  A leopard gecko skeleton (D:4)
  2 quokka skeletons
  2 quokka zombies (D:8)
  11 rats
227 creatures vanquished.

Vanquished Creatures (others)
  An orc wizard (D:5)
1 creature vanquished.

Grand Total: 228 creatures vanquished

Notes
Turn   | Place    | Note
-------+----------+-------------------------------------------
     0 | D:1      | Azzok the Gnoll Transmuter began the quest for the Orb.
     0 | D:1      | Reached XP level 1. HP: 17/17 MP: 6/6
   335 | D:1      | Reached XP level 2. HP: 18/23 MP: 7/7
  1040 | D:1      | Reached XP level 3. HP: 25/28 MP: 9/9
  1060 | D:1      | Reached skill level 5 in Spellcasting
  1675 | D:2      | Reached skill level 1 in Invocations
  2149 | D:2      | Reached skill level 1 in Short Blades
  2149 | D:2      | Reached skill level 1 in Long Blades
  2149 | D:2      | Reached skill level 1 in Axes
  2149 | D:2      | Reached skill level 1 in Maces & Flails
  2149 | D:2      | Reached skill level 1 in Polearms
  2149 | D:2      | Reached skill level 1 in Staves
  2149 | D:2      | Reached skill level 1 in Slings
  2149 | D:2      | Reached skill level 1 in Bows
  2149 | D:2      | Reached skill level 1 in Crossbows
  2149 | D:2      | Reached skill level 1 in Throwing
  2149 | D:2      | Reached skill level 1 in Armour
  2149 | D:2      | Reached skill level 1 in Stealth
  2149 | D:2      | Reached skill level 1 in Shields
  2149 | D:2      | Reached skill level 1 in Evocations
  2253 | D:2      | Reached XP level 4. HP: 32/34 MP: 11/11
  2771 | D:2      | Found a faded altar of an unknown god.
  2995 | D:3      | Learned a level 3 spell: Spider Form
  3011 | D:3      | Reached skill level 1 in Conjurations
  3011 | D:3      | Reached skill level 1 in Hexes
  3011 | D:3      | Reached skill level 1 in Charms
  3011 | D:3      | Reached skill level 1 in Summonings
  3011 | D:3      | Reached skill level 1 in Necromancy
  3011 | D:3      | Reached skill level 1 in Translocations
  3011 | D:3      | Reached skill level 1 in Fire Magic
  3011 | D:3      | Reached skill level 1 in Ice Magic
  3011 | D:3      | Reached skill level 1 in Air Magic
  3011 | D:3      | Reached skill level 1 in Earth Magic
  3011 | D:3      | Reached skill level 1 in Poison Magic
  3017 | D:3      | Reached XP level 5. HP: 26/40 MP: 9/12
  3489 | D:3      | Noticed Natasha
  3494 | D:3      | Killed Natasha
  3494 | D:3      | Reached XP level 6. HP: 41/47 MP: 9/13
  3735 | D:3      | Noticed Natasha
  3739 | D:3      | Killed Natasha
  3886 | D:3      | Reached skill level 5 in Dodging
  4028 | D:3      | Noticed Grinder
  4035 | D:3      | Killed Grinder
  4035 | D:3      | Reached skill level 7 in Unarmed Combat
  4035 | D:3      | Reached XP level 7. HP: 36/52 MP: 11/15
  4809 | D:5      | Entered Level 5 of the Dungeon
  5121 | D:5      | Reached XP level 8. HP: 50/60 MP: 16/16
  5324 | D:5      | Noticed Sigmund
  5354 | D:5      | Killed Sigmund
  5957 | D:5      | Learned a level 4 spell: Ice Form
  6501 | D:6      | Found a staircase to the Ecumenical Temple.
  6510 | Temple   | Entered the Ecumenical Temple
  6589 | Temple   | Became a worshipper of Cheibriados the Contemplative
  6759 | D:6      | Found a sparkling altar of Nemelex Xobeh.
  6759 | D:6      | Noticed Jessica
  6768 | D:6      | Killed Jessica
  7062 | D:6      | Reached XP level 9. HP: 36/66 MP: 12/18
  7235 | D:6      | Reached skill level 5 in Transmutations
  7476 | D:7      | Found a radiant altar of Vehumet.
  7767 | D:7      | Reached * piety under Cheibriados
  7770 | D:7      | Reached skill level 5 in Fighting
  7906 | D:7      | Got a twisted long sword
  8216 | D:8      | Reached skill level 8 in Unarmed Combat
  8253 | D:8      | Found an ancient bone altar of Kikubaaqudgha.
  8451 | D:8      | Noticed a two-headed ogre
  8464 | D:8      | Killed a two-headed ogre
  8464 | D:8      | Reached skill level 5 in Invocations
  8464 | D:8      | Reached XP level 10. HP: 30/74 MP: 20/20
  9089 | D:8      | Reached ** piety under Cheibriados
  9435 | D:8      | Got a dazzling scale mail
  9556 | D:9      | Reached skill level 5 in Short Blades
  9556 | D:9      | Reached skill level 5 in Long Blades
  9556 | D:9      | Reached skill level 5 in Axes
  9556 | D:9      | Reached skill level 5 in Maces & Flails
  9556 | D:9      | Reached skill level 5 in Polearms
  9556 | D:9      | Reached skill level 5 in Staves
  9556 | D:9      | Reached skill level 5 in Slings
  9556 | D:9      | Reached skill level 5 in Bows
  9556 | D:9      | Reached skill level 5 in Crossbows
  9556 | D:9      | Reached skill level 5 in Throwing
  9556 | D:9      | Reached skill level 5 in Armour
  9556 | D:9      | Reached skill level 5 in Stealth
  9556 | D:9      | Reached skill level 5 in Shields
  9556 | D:9      | Reached skill level 5 in Evocations
  9875 | D:9      | Identified the cursed +1 scale mail "Junyozyj" {MP+9 SInv}
                  | (You found it on level 8 of the Dungeon)
 10382 | D:9      | Noticed a moth of wrath
 10385 | D:9      | Found a bloodstained altar of Trog.
 10852 | D:9      | Identified the +2 long sword "Aroehad" {slice, +Fly} (You
                  | found it on level 7 of the Dungeon)
 11055 | D:9      | Noticed Joseph
 11064 | D:9      | Killed Joseph
 11137 | D:9      | Reached *** piety under Cheibriados
 11261 | D:10     | Entered Level 10 of the Dungeon
 11461 | D:10     | Noticed a two-headed ogre
 11470 | D:10     | Killed a two-headed ogre
 11494 | D:10     | Reached XP level 11. HP: 21/82 MP: 22/22
 11790 | D:10     | Noticed a five-headed hydra
 11803 | D:10     | Killed a five-headed hydra
 11835 | D:10     | Noticed a skeletal warrior
 11859 | D:10     | Mangled by a skeletal warrior

Levels and vault maps discovered:
D:1:      dpeg_arrival_circle_labyrinth_c, layout_loops_corners,
          columned_hall_lemuel, supply_closet_lemuel, minmay_distorted
D:2:      layout_loops_cross, first_ration, chequers_ecumenical_altar_lobes
D:3:      layout_loops_cross, uniq_natasha, uniq_grinder
D:4:      layout_cave_pools, serial_column_ruins, column_ruins_columns_corner,
          column_ruins_columns_dead_end, column_ruins_corridor_dead_end,
          column_ruins_open_tiny, column_ruins_open_small_water
D:5:      layout_gridville, uniq_sigmund
D:6:      layout_loops_corners, minmay_temple_entry_poolview,
          nemelex_lonely_heart_becter
D:7:      layout_rooms, kennysheep_mini_moat, hex_intersection
D:8:      layout_layer_cave, basic_altar
D:9:      layout_basic, hangedman_fish_farm, tgw_trog, uniq_joseph
D:10:     gammafunk_jiyva_shrine, layout_stronghold, st_stairs_4,
          minmay_hollow_rounded_squares
Temple:   grunt_wide_crystal_templ

Skill      XL: |  1  2  3  4  5  6  7  8  9 10 |
---------------+-------------------------------+-----
Spellcasting   | 5 6 7 |  7.8
Invocations    | 1 2 3 4 5 6 |  6.4
Short Blades   | 1 2 3 4 5 |  5.9
Long Blades    | 1 2 3 4 5 |  5.9
Axes           | 1 2 3 4 5 |  5.9
Maces & Flails | 1 2 3 4 5 |  5.9
Polearms       | 1 2 3 4 5 |  5.9
Staves         | 1 2 3 4 5 |  5.9
Slings         | 1 2 3 4 5 |  5.9
Bows           | 1 2 3 4 5 |  5.9
Crossbows      | 1 2 3 4 5 |  5.9
Throwing       | 1 2 3 4 5 |  5.9
Armour         | 1 2 3 4 5 |  5.9
Stealth        | 1 2 3 4 5 |  5.9
Shields        | 1 2 3 4 5 |  5.9
Evocations     | 1 2 3 4 5 |  5.9
Conjurations   | 1 2 3 4 |  4.8
Hexes          | 1 2 3 4 |  4.8
Charms         | 1 2 3 4 |  4.8
Summonings     | 1 2 3 4 |  4.8
Necromancy     | 1 2 3 4 |  4.8
Translocations | 1 2 3 4 |  4.8
Fire Magic     | 1 2 3 4 |  4.8
Ice Magic      | 1 2 3 4 |  4.8
Air Magic      | 1 2 3 4 |  4.8
Earth Magic    | 1 2 3 4 |  4.8
Poison Magic   | 1 2 3 4 |  4.8
Fighting       | 3 4 5 6 |  6.5
Transmutations | 4 5 6 |  6.2
Dodging        | 5 6 7 |  7.5
Unarmed Combat | 7 8 |  8.9

Action                   |  1- 3 |  4- 6 |  7- 9 | 10-12 || total
-------------------------+-------+-------+-------+-------++-------
Melee: Unarmed           |   142 |   136 |   295 |   182 ||   755
       Bite              |    13 |     3 |    11 |     3 ||    30
       Punch             |     1 |     2 |     8 |     1 ||    12
Throw: Javelin           |    12 |       |       |       ||    12
       Dart              |       |       |       |     4 ||     4
 Cast: Spider Form       |       |     8 |    13 |       ||    21
       Ice Form          |       |       |    10 |    17 ||    27
Evoke: Wand              |       |       |       |     4 ||     4
  Use: Scroll            |       |     1 |    17 |     4 ||    22
 Stab: Sleeping          |     2 |     2 |    20 |    12 ||    36
       Paralysed         |       |       |       |     4 ||     4
  Eat: Chunk             |     4 |     6 |    12 |     6 ||    28
       Ration            |       |       |     1 |       ||     1
Armor: Robe              |    22 |     6 |    10 |     1 ||    39
       Skin              |       |     1 |    16 |    44 ||    61
Dodge: Dodged            |   112 |    90 |   178 |   121 ||   501

Table legend:
 A = Non-vault XP
 B = Vault XP
 C = Vault XP percentage of total XP
 D = Non-vault monster count
 E = Vault monster count
 F = Vault count percentage of total count
                 A         B        C        D         E       F
            +---------+---------+-------+---------+---------+-------
      Total |    7983 |    2307 |  22.4 |     214 |      14 |   6.1
            +---------+---------+-------+---------+---------+-------
        D:1 |      36 |       4 |  10.0 |      20 |       1 |   4.8
        D:2 |      68 |       0 |   0.0 |      27 |       0 |   0.0
        D:3 |     322 |     312 |  49.2 |      33 |       2 |   5.7
        D:4 |     246 |       0 |   0.0 |      11 |       0 |   0.0
        D:5 |     452 |     208 |  31.5 |      23 |       1 |   4.2
        D:6 |     833 |      37 |   4.3 |      17 |       1 |   5.6
        D:7 |    1096 |       0 |   0.0 |      19 |       0 |   0.0
        D:8 |    1718 |       0 |   0.0 |      23 |       0 |   0.0
        D:9 |    1368 |     749 |  35.4 |      25 |       7 |  21.9
       D:10 |    1844 |     997 |  35.1 |      16 |       2 |  11.1
            +---------+---------+-------+---------+---------+-------
